Map: Orbital Shipyard

Players

TTS - Winner!

  • Race: Protoss Protoss
  • League: Platinum

MonOo

  • Race: Protoss Protoss
  • League: Diamond

VOD

Have the link to the VOD?

Description

Time

  • Played on: Feb. 24, 2016, 12:54 a.m.
  • Length: 12:15
Show
View Real Time Build Order
Export as new Build Order

TTS Protoss - Winner!

Build Orders: Oracle Opening 

Get SALT Encoding   

  12  0:02  Probe (Chrono Boost)  
  14  0:14  Probe (Chrono Boost)  
  14  0:22  Pylon  
  14  0:24  Probe (Chrono Boost)  
  15  0:40  Gateway, Probe (Chrono Boost)  
  16  0:50  Probe (Chrono Boost)  
  17  1:00  Assimilator  
  17  1:01  Probe (Chrono Boost)  
  18  1:04  Assimilator  
  18  1:11  Gateway  
  18  1:12  Probe (Chrono Boost)  
  19  1:22  Probe (Chrono Boost)  
  20  1:27  Cybernetics Core  
  20  1:32  Pylon  
  20  1:33  Probe (Chrono Boost)  
  21  1:43  Probe (Chrono Boost)  
  23  1:54  Probe (Chrono Boost)  
  23  2:03  Warp Gate (Chrono Boost)  
  23  2:04  Stalker x2  
  27  2:11  Pylon  
  27  2:35  Stargate  
  27  2:37  Stalker  
  29  2:42  Gateway  
  29  2:47  Stalker  
  31  3:12  Pylon  
  31  3:21  Oracle (Chrono Boost)  
  34  3:30  Gateway  
  32  4:11  Stalker x3  
  38  4:17  Pylon  
  38  4:19  Oracle  
  41  4:24  Stalker  
  43  4:37  Stalker  
  45  4:39  Adept  
  45  4:40  Adept  
  49  4:49  Stalker  
  49  4:50  Pylon  
  45  5:08  Zealot, Stalker x2  
  45  5:11  Zealot  
  43  5:33  Probe  
  38  5:43  Nexus  
  38  5:45  Probe  
  39  5:57  Probe  
  40  6:10  Probe  
  38  6:17  Sentry  
  40  6:20  Robotics Facility  
  40  6:21  Twilight Council  
  40  6:22  Probe  
  41  6:32  Oracle (Chrono Boost)  
  44  6:33  Zealot  
  44  6:34  Probe  
  47  6:43  Pylon  
  47  6:46  Probe  
  48  6:54  Probe  
  48  6:58  Probe  
  48  7:08  Zealot, Sentry  
  48  7:09  Zealot  
  48  7:10  Probe  
  48  7:15  Probe, Zealot  
  52  7:23  Stalker  
  52  7:24  Stalker  
  52  7:28  Probe  
  45  7:33  Probe, Stalker  
  45  7:34  Stalker  
  44  7:40  Probe  
  40  7:44  Probe  
  40  7:49  Stalker  
  43  7:53  Probe  
  43  7:55  Probe  
  43  7:57  Sentry  
  46  8:05  Probe (Chrono Boost)  
  47  8:07  Probe (Chrono Boost)  
  48  8:16  Probe (Chrono Boost)  
  48  8:17  Probe (Chrono Boost)  
  50  8:26  Probe (Chrono Boost)  
  51  8:27  Blink (Chrono Boost)  
  51  8:28  Probe (Chrono Boost)  
  51  8:30  Assimilator  
  52  8:35  Assimilator, Adept  
  52  8:36  Adept  
  52  8:37  Probe (Chrono Boost)  
  52  8:38  Probe (Chrono Boost)  
  58  8:47  Probe (Chrono Boost)  
  59  8:49  Probe (Chrono Boost)  
  59  8:54  Pylon  
  60  8:58  Probe (Chrono Boost)  
  60  9:00  Probe (Chrono Boost)  
  58  9:06  Warp Prism  
  58  9:08  Sentry  
  58  9:09  Stalker x2  
  66  9:17  Pylon  
  66  9:18  Pylon  
  66  9:29  Nexus  
  66  9:32  Sentry  
  68  9:53  Stalker x2  
  68  9:56  Stalker  
  74  10:00  Gateway  
  74  10:03  Gateway  
  67  10:09  Probe  
  67  10:12  Gateway  
  67  10:14  Warp Prism, Gateway  
  69  10:22  Stalker x2  
  69  10:23  Stalker  
  69  11:01  Pylon x3  
  69  11:19  Stalker  
  69  11:20  Stalker x6  
  77  11:52  Stalker x6  
  77  11:53  Stalker  
Show
View Real Time Build Order
Export as new Build Order

MonOo Protoss 

Build Orders: 1 Gate Expand 

Get SALT Encoding   

  12  0:00  Probe (Chrono Boost)  
  13  0:11  Probe (Chrono Boost)  
  14  0:17  Pylon  
  14  0:22  Probe (Chrono Boost)  
  16  0:35  Probe (Chrono Boost)  
  16  0:38  Gateway  
  16  0:43  Assimilator  
  16  0:46  Probe (Chrono Boost)  
  17  0:56  Probe (Chrono Boost)  
  18  1:07  Probe (Chrono Boost)  
  19  1:21  Nexus  
  19  1:23  Probe (Chrono Boost)  
  20  1:34  Cybernetics Core  
  20  1:36  Probe (Chrono Boost)  
  21  1:41  Assimilator  
  22  1:47  Probe (Chrono Boost)  
  22  1:52  Pylon  
  22  1:57  Probe (Chrono Boost)  
  23  2:11  Probe (Chrono Boost)  
  23  2:13  Stalker (Chrono Boost)  
  23  2:15  Warp Gate (Chrono Boost)  
  28  2:23  Mothership Core (Chrono Boost)  
  28  2:30  Pylon  
  28  2:40  Pylon  
  28  2:46  Stalker (Chrono Boost)  
  28  2:49  Pylon  
  29  2:52  Probe  
  30  2:59  Gateway  
  30  3:02  Probe  
  31  3:10  Probe  
  32  3:14  Probe, Stalker  
  35  3:22  Probe  
  36  3:31  Robotics Facility  
  36  3:40  Probe x2  
  38  3:52  Gateway, Probe x2  
  38  4:04  Probe  
  35  4:13  Probe  
  35  4:14  Stalker x2  
  35  4:16  Probe  
  41  4:23  Immortal (Chrono Boost)  
  45  4:26  Probe  
  46  4:34  Probe  
  45  4:39  Probe  
  45  4:44  Stalker  
  45  4:45  Stalker  
  50  4:49  Probe x2  
  44  5:10  Probe  
  44  5:11  Probe  
  44  5:12  Stalker  
  44  5:13  Stalker x2  
  46  5:20  Probe  
  46  5:23  Probe  
  52  5:36  Immortal (Chrono Boost)  
  52  5:42  Probe  
  50  5:43  Probe  
  46  5:52  Probe  
  46  5:55  Probe  
  47  6:06  Probe (Chrono Boost)  
  47  6:08  Mothership Core (Chrono Boost)  
  46  6:18  Probe (Chrono Boost)  
  45  6:24  Observer  
  46  6:27  Probe (Chrono Boost)  
  46  6:28  Probe (Chrono Boost)  
  48  6:37  Probe (Chrono Boost)  
  48  6:39  Probe (Chrono Boost)  
  50  6:48  Probe (Chrono Boost)  
  50  6:50  Probe (Chrono Boost)  
  52  6:58  Probe (Chrono Boost)  
  52  7:00  Probe (Chrono Boost)  
  44  7:24  Immortal  
  38  7:57  Probe x2 (Chrono Boost), Stalker x3  
  46  8:02  Twilight Council  
  46  8:03  Warp Prism (Chrono Boost)  
  48  8:07  Probe x2 (Chrono Boost)  
  47  8:22  Probe x2 (Chrono Boost)  
  49  8:39  Immortal (Chrono Boost)  
  53  8:47  Stalker x2  
  53  8:48  Stalker  
  59  8:56  Blink (Chrono Boost)  
  54  9:03  Probe  
  54  9:04  Probe  
  56  9:20  Probe  
  56  9:22  Probe  
  58  9:26  Pylon  
  58  9:28  Pylon  
  58  9:30  Immortal (Chrono Boost)  
  59  9:46  Pylon  
  57  10:00  Probe  
  57  10:01  Probe  
  59  10:10  Probe  
  59  10:13  Probe  
  61  10:17  Observer (Chrono Boost)  
  61  10:21  Probe  
  62  10:24  Nexus  
  62  10:25  Probe  
  62  10:28  Pylon  
  64  10:31  Probe  
  64  10:45  Probe  
  64  10:46  Probe  
  66  10:55  Probe  
  66  10:57  Robotics Bay  
  66  10:58  Probe  
  66  11:01  Assimilator  
  68  11:06  Probe  
  68  11:07  Assimilator  
  68  11:10  Probe  
  70  11:16  Probe  
  70  11:18  Forge  
  71  11:21  Forge, Pylon  
  71  11:22  Probe  
  72  11:27  Observer (Chrono Boost), Probe  
  71  11:43  Stalker x3  
  65  11:52  Probe  
  65  11:54  Probe  
  54  12:11  Stalker x3  
Tags
 
Add a new tag
Caveats
  • Supply blocks, unpowered buildings, or Contaminate may cause inaccurate times.
  • Supply counts are checked every 10 seconds.